 Dungeon Crawl Stone Soup version 0.26-a0-712-ga5a9c9c9d0 (webtiles) character file.

Game seed: 8732219391106252924

1047 Azzok the Chopper (level 8, 70/93 HPs)
             Began as a Demonspawn Berserker on Nov 8, 2020.
             Was a Priest of Trog.
             Quit the game on level 5 of the Dungeon.
             The game lasted 00:04:39 (5960 turns).

Azzok the Chopper (Demonspawn Berserker)            Turns: 5960, Time: 00:04:40

Health: 70/93      AC: 10    Str: 21    XL:     8   Next: 5%
Magic:  6/8        EV: 11    Int:  8    God:    Trog [***...]
Gold:   281        SH:  0    Dex: 12    Spells: 7/7 levels left

rFire    + . .     SeeInvis .   s - +0 battleaxe (curse)
rCold    + . .     Faith    .   (shield currently unavailable)
rNeg     . . .     Spirit   +   r - +0 chain mail
rPois    .         Reflect  .   o - +0 helmet
rElec    .         Harm     .   k - scarf {rC+ rF+}
rCorr    .         Rampage  .   (no gloves)
MR       .....                  (no boots)
Stlth    ..........             e - amulet of guardian spirit
HPRegen  0.25/turn              (no ring)
MPRegen  0.11/turn              (no ring)

@: berserking (expiring), very quick
A: talons 1, powered by pain 2, rot immunity, sturdy frame 2
a: Berserk, Trog's Hand, Renounce Religion


You were on level 5 of the Dungeon.
You worshipped Trog.
Trog was most pleased with you.
You visited 1 branch of the dungeon, and saw 5 of its levels.

You collected 281 gold pieces.

Inventory:

Hand Weapons
 a - a +0 hand axe
 s - a cursed +0 battleaxe (weapon)
Armour
 k - a scarf of resistance (worn)
 o - a +0 helmet (worn)
 r - a +0 chain mail (worn)
Jewellery
 e - an amulet of guardian spirit (around neck)
 i - an uncursed ring of flight
Wands
 u - a wand of paralysis (8)
Scrolls
 b - a scroll of enchant armour {unknown}
 c - 4 scrolls of identify {unknown}
 f - a scroll of amnesia {unknown}
 g - a scroll of magic mapping {unknown}
 j - 2 scrolls of remove curse {unknown}
 l - a scroll of teleportation {unknown}
 q - a scroll of immolation {unknown}
 t - a scroll of enchant weapon {unknown}
Potions
 d - 2 potions of flight {unknown}
 h - a potion of lignification {unknown}
 m - 3 potions of curing {unknown}
 n - a potion of degeneration {unknown}
 p - 3 potions of mutation {unknown}
 v - a potion of invisibility {unknown}
 x - a potion of ambrosia {unknown}


   Skills:
 - Level 5.0 Fighting
 + Level 6.3 Axes
 - Level 4.0 Armour
 - Level 4.0 Dodging


You had 7 spell levels left.
You didn't know any spells.
Your spell library was empty.

Dungeon Overview and Level Annotations

Branches:
Dungeon (5/15)
 Temple: D:4-7

Altars:
Kikubaaqudgha
Makhleb
Okawaru
Qazlal
Sif Muna
Vehumet


Innate Abilities, Weirdness & Mutations

You have sharp toenails.
You sometimes gain power by taking damage.
You are immune to rotting.
Your movements are less encumbered by armour. (ER -4)


Message History

You miss something.
A quokka zombie comes into view.
Something hits you but does no damage.
You closely miss something. Your kick misses something.
You barely miss something. You claw something!
Something hits you but does no damage.
You miss something. Your kick misses something.
Something hits you but does no damage.
You miss something. Your kick misses something.
Something hits you but does no damage.
You miss something. You claw something. Something hits you but does no damage.
You slice something!! Trog accepts your kill.
Reactivating autopickup.
Your Axes skill increases to level 6!
You have reached level 8!
You feel stronger.
Your demonic ancestry asserts itself...
You feel immune to rotting.
You feel a bit more experienced.
Are you sure you want to abandon this character and quit the game? (Confirm with "yes".)

▒········ ··· ·········▒
···· ·········▒▒▒····
▒··············
╬············▒ ▒▒▒
▒············▒╬···
▒·······†·········
·······Z@·········
·▒▒▒▒▒▒···········
···················
···················
····························
·············▒··············
····························
············▒···············
···········▒▒···············


You could see a quokka zombie.

Vanquished Creatures
  An orc warrior (D:3)
  2 ice beasts (D:5)
  A sky beast (D:5)
  An ogre (D:4)
  A bullfrog (D:3)
  2 scorpions (D:4)
  A hound (D:4)
  6 worker ants (D:4)
  A hound skeleton (D:4)
  Robin (D:3)
  9 adders
  A howler monkey skeleton (D:4)
  An ooze (D:1)
  4 adder skeletons
  3 worms
  7 leopard geckos
  9 orcs
  A ball python (D:1)
  2 bat zombies
  7 giant cockroaches
  16 goblins
  10 hobgoblins
  7 jackals
  A quokka (D:3)
  6 bats
  6 frilled lizards
  A giant cockroach zombie (D:2)
  8 kobolds
  A leopard gecko skeleton (D:2)
  A quokka skeleton (D:4)
  9 rats
  4 rat zombies (D:4)
131 creatures vanquished.

Vanquished Creatures (others)
  A withered plant (D:2)
1 creature vanquished.

Grand Total: 132 creatures vanquished

Notes
Turn   | Place    | Note
-------+----------+-------------------------------------------
     0 | D:1      | Azzok the Demonspawn Berserker began the quest for the Orb.
     0 | D:1      | Reached XP level 1. HP: 18/18 MP: 1/1
     4 | D:1      | Noticed a minotaur skeleton
   188 | D:1      | Gained mutation: You sometimes gain a little power by
                  | taking damage. [demonic ancestry]
   188 | D:1      | Reached XP level 2. HP: 15/24 MP: 2/2
   334 | D:1      | Reached skill level 3 in Axes
  1392 | D:1      | Gained mutation: You have sharp toenails. [demonic
                  | ancestry]
  1392 | D:1      | Reached XP level 3. HP: 25/29 MP: 3/3
  2164 | D:2      | Found a shimmering blue altar of Sif Muna.
  2267 | D:2      | Reached ** piety under Trog
  2501 | D:2      | Gained mutation: Your movements are slightly less
                  | encumbered by armour. (ER -2) [demonic ancestry]
  2501 | D:2      | Reached XP level 4. HP: 33/35 MP: 4/4
  2675 | D:2      | Found a radiant altar of Vehumet.
  2804 | D:2      | Found a stormy altar of Qazlal.
  2806 | D:2      | Noticed a fire elemental
  2807 | D:2      | Noticed an earth elemental
  2807 | D:2      | Noticed a water elemental
  2807 | D:2      | Noticed an air elemental
  3637 | D:3      | Noticed Robin
  3656 | D:3      | Killed Robin
  3892 | D:3      | Noticed a bullfrog
  3901 | D:3      | Gained mutation: Your movements are less encumbered by
                  | armour. (ER -4) [demonic ancestry]
  3901 | D:3      | Reached XP level 5. HP: 42/42 MP: 5/5
  3906 | D:3      | Reached skill level 4 in Axes
  4173 | D:3      | Found a burning altar of Makhleb.
  4196 | D:3      | Noticed an orc warrior
  4205 | D:3      | Killed an orc warrior
  4205 | D:3      | Gained mutation: You sometimes gain power by taking damage.
                  | [demonic ancestry]
  4205 | D:3      | Reached XP level 6. HP: 48/48 MP: 6/6
  4638 | D:4      | Reached *** piety under Trog
  4744 | D:4      | Reached skill level 5 in Axes
  4744 | D:4      | Reached XP level 7. HP: 55/55 MP: 7/7
  5424 | D:4      | Found an ancient bone altar of Kikubaaqudgha.
  5483 | D:4      | Found an iron altar of Okawaru.
  5578 | D:5      | Entered Level 5 of the Dungeon
  5829 | D:5      | Reached skill level 5 in Fighting
  5959 | D:5      | Reached skill level 6 in Axes
  5959 | D:5      | Gained mutation: You are immune to rotting. [demonic
                  | ancestry]
  5959 | D:5      | Reached XP level 8. HP: 62/62 MP: 6/8
  5960 | D:5      | Quit the game

Illustrated notes

Levels and vault maps discovered:
D:1:      shiori_arrival_whats_in_store_for_you, layout_basic
D:2:      layout_basic, led_sif_pool, nicolae_qazlal_style_of_elements,
          vehumet_crystals, serial_undead, serial_undead_f, serial_undead_e,
          serial_undead_a, serial_undead_d
D:3:      layout_basic, marbit_many_paths, uniq_robin
D:4:      layout_cave_pools, okawaru_metal_pillars_3,
          lemuel_zombie_altar_kikubaaqudgha, corexii_corridor_pit
D:5:      layout_basic, nicolae_ashenzari_panopticon, uniq_blork_the_orc

Skill      XL: |  1  2  3  4  5  6  7 |
---------------+----------------------+-----
Dodging        | 2 3 4 |  4.0
Axes           | 3 4 5 6 |  6.3
Armour         | 2 3 4 |  4.0
Fighting       | 4 5 |  5.0

Action                   |  1- 3 |  4- 6 |  7- 9 || total
-------------------------+-------+-------+-------++-------
Melee: Hand axe          |   121 |    81 |       ||   202
       Kick              |    11 |    31 |    25 ||    67
       Battleaxe         |       |    52 |    98 ||   150
Invok: Berserk           |     1 |     3 |     1 ||     5
Armor: Animal skin       |    29 |     9 |       ||    38
       Chain mail        |       |    45 |    51 ||    96
Dodge: Dodged            |    88 |    93 |    61 ||   242

Table legend: (Time is in decaauts)
 A = Elapsed time spent in this place.
 B = Non-inter-level travel time spent in this place.
 C = Inter-level travel time spent in this place.
 D = Time resting spent in this place.
 E = Time spent auto-exploring this place.
 F = Levels seen in this place.
 G = Mean time per level.
                   A        B        C        D        E       F      G
               +--------+--------+--------+--------+--------+-----+--------+
         Total |   6071 |   5882 |    189 |    216 |   4764 |   5 | 1214.2 |
       Dungeon |   6071 |   5882 |    189 |    216 |   4764 |   5 | 1214.2 |
               +--------+--------+--------+--------+--------+-----+--------+

Top non-repeatable levels by time:
     D:1: 1880 daAuts
     D:2: 1750 daAuts
     D:4: 1089 daAuts
     D:3: 956 daAuts
     D:5: 395 daAuts
